 Dungeon Crawl Stone Soup version 0.26.1-11-gd32895ea62 (webtiles) character file.

Game seed: 11266438243488745854

25 tizbic2 the Magician (level 2, -1/20 HPs)
             Began as a Draconian Hedge Wizard on June 27, 2021.
             Slain by an adder (5 damage)
             ... on level 1 of the Dungeon.
             The game lasted 00:05:37 (1026 turns).

tizbic2 the Magician (Draconian Hedge Wizard)       Turns: 1026, Time: 00:05:37

Health: -1/20      AC:  4    Str: 12    XL:     2   Next: 86%
Magic:  6/6        EV: 12    Int: 14    God:
Gold:   79         SH:  0    Dex: 10    Spells: 6/7 levels left

rFire    + . .     SeeInvis .   f - +0 short sword
rCold    + . .     Faith    .   (no shield)
rNeg     . . .     Spirit   .   (armour unavailable)
rPois    .         Reflect  .   b - +0 hat
rElec    .         Harm     .   c - scarf {rC+ rF+}
rCorr    .         Rampage  .   (no gloves)
Will     .....                  (no boots)
Stlth    ++........             (no amulet)
HPRegen  0.06/turn              (no ring)
MPRegen  0.10/turn              (no ring)

@: lethally poisoned (-1 -> -7), flying
A: unfitting armour, big wings, beak, cold-blooded, AC +4
a: Stop Flying


You were on level 1 of the Dungeon.
You visited 1 branch of the dungeon, and saw 2 of its levels.

You collected 79 gold pieces.

Inventory:

Hand Weapons
 f - a +0 short sword (weapon)
Armour
 b - a +0 hat (worn)
 c - a scarf of resistance (worn)
Jewellery
 d - an uncursed amulet of guardian spirit {unknown}


   Skills:
 + Level 1.5 Short Blades
 * Level 2.0 Dodging
 - Level 1.7 Stealth
 + Level 3.1 Spellcasting
 * Level 1.6 Conjurations
 + Level 1.0 Summonings
 + Level 1.0 Translocations


You had 6 spell levels left.
You knew the following spells:

 Your Spells              Type           Power        Failure   Level
a - Magic Dart            Conj           24%          11%         1

Your spell library contained the following spells:

 Spells                   Type           Power        Failure   Level
 Blink                    Tloc           N/A          22%         2
 Call Imp                 Summ           5%           22%         2
 Slow                     Hex            2%           32%         2
 Conjure Flame            Conj/Fire      4%           41%         3
 Mephitic Cloud           Conj/Pois/Air  3%           45%         3


Dungeon Overview and Level Annotations

Branches:
Dungeon (2/15)

Altars:


Innate Abilities, Weirdness & Mutations

Your plain brown scales are hard. (AC +4)
You cannot fit into any form of body armour.
You are cold-blooded and may be slowed by cold attacks.
Your large and strong wings let you fly indefinitely.
You have a beak for a mouth.


Message History

The adder closely misses you. The adder bites you.
You feel sick. The adder bites you but does no damage.
You completely miss the adder. You peck the adder, but do no damage.
The adder is moderately wounded.
The adder misses you. The rat closely misses you. The adder bites you.
* * * LOW HITPOINT WARNING * * *
You are lethally poisoned!
The adder poisons you!
* * * LOW HITPOINT WARNING * * *
You feel sick.
You feel magically purged. The adder barely misses you.
The rat bites you but does no damage.
Unknown command.
* * * LOW HITPOINT WARNING * * *
You feel sick. The adder barely misses you.
You closely miss the adder. Your peck misses the adder.
The adder is moderately wounded.
The adder bites you.
You die...

##...###...###.# #.# #.#
#..#..#..#..##.###.# #.#
##.###.#.###.#......#####.# ##..#
#)..# #.†#..##.....#.#### #..##
##.## ##................. #..#
#.# #.................
#.#############............####
#............r...............##
#.>..[.......S@................
#..#####.##.###..####..........
#..# #............##....##..##
#..########.###..#.##....#.....
###...............###########..#.
.......######.#.#.# #...#.
)......#.####.#.#.# ##...#.
.......#..........# #...###
.......#.#....#...# #...#


You could see an adder and a rat.

Vanquished Creatures
  An ooze (D:1)
  2 dart slugs (D:1)
  2 giant cockroaches (D:1)
  4 hobgoblins (D:1)
  A kobold (D:1)
  4 bats (D:1)
  A goblin (D:1)
  2 rats (D:1)
17 creatures vanquished.

Notes
Turn   | Place    | Note
-------+----------+-------------------------------------------
     0 | D:1      | tizbic2 the Draconian Hedge Wizard began the quest for the
                  | Orb.
     0 | D:1      | Reached XP level 1. HP: 14/14 MP: 4/4
   374 | D:1      | Reached XP level 2. HP: 18/20 MP: 3/6
   422 | D:1      | Gained mutation: You have a beak for a mouth. [potion of
                  | mutation]
   422 | D:1      | Gained mutation: Your large and strong wings let you fly
                  | indefinitely. [potion of mutation]
   545 | D:1      | Reached skill level 1 in Short Blades
  1026 | D:1      | Slain by an adder

Illustrated notes

Levels and vault maps discovered:
D:1:      onia_arrival_mini_spirals, layout_basic, serial_curves,
          eino_curves_02, eino_curves_03, eino_curves_04, eino_curves_01,
          serial_bayou_ford_a, glass_columns_a, minivault_25,
          minmay_statues_item
D:2:      layout_rooms, general_overflow_altar, ashenzari_conservatory_becter,
          nemelex_altar_shiori, uniq_terence

Skill      XL: |  1  2 |
---------------+-------+-----
Short Blades   | 1 |  1.5
Dodging        | 2 |  2.0
Stealth        | |  1.7
Spellcasting   | |  3.1
Conjurations   | |  1.6
Summonings     | |  1.0
Translocations | |  1.0

Action                   || total
-------------------------++-------
Melee: Dagger            ||    41
       Short sword       ||    36
       Tailslap          ||     3
       Peck              ||     3
 Cast: Magic Dart        ||    13
 Abil: Fly               ||     1
  Use: Potion            ||     4
       Scroll            ||     3
 Stab: Sleeping          ||     4
Armor: Skin              ||    19
Dodge: Dodged            ||    59
